 Dungeon Crawl Stone Soup version 0.29-a0-550-g81e455f4c2 (webtiles) character file.

Game seed: 5219894360218859095

7590 Lekart the Summoner (level 10, -2/86 HPs)
             Began as a Black Draconian Summoner on June 1, 2022.
             Slain by a sixfirhy (4 damage)
             ... on level 3 of the Abyss on June 5, 2022.
             The game lasted 00:40:47 (13018 turns).

Lekart the Summoner (Black Draconian Summoner)     Turns: 13018, Time: 00:40:47

Health: -2/86      AC:  9    Str: 17    XL:     10   Next: 97%
Magic:  8/20       EV: 14    Int: 21    God:
Gold:   527        SH:  5    Dex: 17    Spells: 9/25 levels left

rFire   . . .      SeeInvis .   v - +2 dagger "Beetleslayer" {flame, Int+4 Dex+3}
rCold   . . .      Faith    .   (no shield)
rNeg    . . .      Spirit   .   (body armour unavailable)
rPois   .          Reflect  +   (helmet restricted)
rElec   +          Harm     .   (no cloak)
rCorr   .          Rampage  .   r - +0 pair of gloves
Will    .....                   B - +0 pair of boots
Stlth   ++........              m - amulet of reflection
HPRegen 0.24/turn               e - +6 ring of strength
MPRegen 0.17/turn               w - ring of wizardry

@: short of breath, very slightly contaminated
A: breathe lightning, AC +7, unfitting armour, electricity resistance,
cold-blooded, horns 1, low MP 1
a: Breathe Lightning


You were on level 3 of the Abyss.
You visited 2 branches of the dungeon, and saw 12 of its levels.
You visited the Abyss 1 time.
You also visited: Ossuary.

You collected 637 gold pieces.
You spent 110 gold pieces at shops.

Inventory:

Hand Weapons
 v - the +2 dagger "Beetleslayer" (weapon) {flame, Int+4 Dex+3}
   (You found it on level 4 of the Dungeon)

   It burns those it strikes, dealing additional fire damage.
   Int:       It affects your intelligence (+4).
   Dex:       It affects your dexterity (+3).
 I - the +7 rapier of Blind Justice {drain, *Slow rN+ rCorr}
   (You found it on level 10 of the Dungeon)

   A truly terrible weapon, it drains the life of any living foe it strikes.
   rN:        It protects you from negative energy.
   rCorr:     It protects you from acid and corrosion.
   *Slow:     It may slow you when you take damage.
Armour
 r - a +0 pair of gloves (worn)
 B - a +0 pair of boots (worn)
Jewellery
 e - a +6 ring of strength (left hand)
 m - an amulet of reflection (around neck)
 u - an amulet of regeneration
 w - a ring of wizardry (right hand)
 C - a ring of fire
 D - a ring of willpower
Wands
 o - a wand of digging (3)
 y - a wand of polymorph (3)
 A - a wand of flame (22)
Scrolls
 d - 9 scrolls of teleportation
 f - a scroll of fear
 g - 7 scrolls of fog
 p - 2 scrolls of enchant weapon {unknown}
 t - a scroll of magic mapping {unknown}
 x - 2 scrolls of enchant armour {unknown}
 z - a scroll of amnesia
 E - 2 scrolls of vulnerability {unknown}
 F - a scroll of blinking
 G - 2 scrolls of immolation {unknown}
Potions
 a - 3 potions of magic
 b - 4 potions of curing
 c - 4 potions of flight
 h - 5 potions of attraction
 i - a potion of degeneration
 j - 3 potions of might
 k - 3 potions of brilliance
 l - 4 potions of heal wounds
 n - 2 potions of haste
 q - a potion of lignification
 H - a potion of berserk rage {unknown}
Miscellaneous
 J - a tin of tremorstones (inert)


   Skills:
 * Level 7.4 Fighting
 + Level 3.5 Short Blades
 + Level 4.4 Dodging
 - Level 1.8 Stealth
 + Level 2.7 Shields
 + Level 3.0 Unarmed Combat
 + Level 8.4 Spellcasting
 + Level 2.0 Conjurations
 + Level 2.0 Hexes
 + Level 9.7 Summonings
 + Level 1.3 Fire Magic
 + Level 3.9 Air Magic


You had 9 spell levels left.
You knew the following spells:

 Your Spells              Type           Power      Damage    Failure   Level
a - Call Canine Familiar  Summ           49%        N/A       1%          3
b - Call Imp              Summ           49%        N/A       1%          2
c - Summon Guardian Gole  Hex/Summ       33%        N/A       1%          3
d - Summon Lightning Spi  Summ/Air       37%        N/A       1%          4
e - Sticky Flame          Conj/Fire      16%        2d4       16%         4

Your spell library contained the following spells:

 Spells                   Type           Power      Damage    Failure   Level
 Magic Dart               Conj           68%        1d6       1%          1
 Summon Small Mammal      Summ           100%       N/A       1%          1
 Poisonous Vapours        Pois/Air       34%        N/A       1%          2
 Conjure Flame            Conj/Fire      16%        6-21      4%          3
 Dazzling Flash           Conj/Hex       34%        N/A       4%          3
 Mephitic Cloud           Conj/Pois/Air  17%        N/A       4%          3
 Ignite Poison            Fire/Tmut/Pois 10%        N/A       8%          3
 Corpse Rot               Necr/Pois/Air  14%        N/A       17%         4
 Silence                  Hex/Air        10%        N/A       24%         5
 Agony                    Necr           8%         N/A       61%         5
 Spellforged Servitor     Conj/Summ      16%        N/A       89%         7
 Orb of Destruction       Conj           8%         9d6       100%        7


Dungeon Overview and Level Annotations

Branches:
Dungeon (11/15)            Temple (1/1) D:7            Lair (0/6) D:10
Ossuary (visited)
    Orc: D:9-12

Altars:
Ashenzari
Cheibriados
Dithmenos
Elyvilon
Fedhas
Gozag
Hepliaklqana
Kikubaaqudgha
Makhleb
Nemelex Xobeh
Okawaru
Qazlal
Ru
Sif Muna
Trog
Uskayaw
Vehumet
Wu Jian
Xom
Yredelemnul
Zin
The Shining One
Beogh

Shops:
D:3 !   D:4 [?   D:8 (

Annotations:
D:3 exclusion: downstairs


Innate Abilities, Weirdness & Mutations

You can breathe wild blasts of lightning.
Your glossy black scales are hard. (AC +7)
You cannot fit into any form of body armour.
You are resistant to electric shocks. (rElec)
You are cold-blooded and may be slowed by cold attacks.
You have a pair of small horns on your head.
Your magical capacity is low. (-10% MP)


Message History

The orb of electricity engulfs your lightning spire.
Your lightning spire completely resists.
Your lightning spire is severely damaged.
The orb of electricity explodes!
The orb of electricity engulfs your lightning spire.
Your lightning spire completely resists.
Your lightning spire is severely damaged.
The orb of electricity engulfs the sixfirhy.
The sixfirhy completely resists.
The sixfirhy is lightly wounded.
The orb of electricity engulfs you! You resist.
* * * LOW HITPOINT WARNING * * *
The orb of electricity engulfs the air elemental.
The air elemental completely resists.
You hear a shout!
You hear a horrible gurgling sound!
You hear a shout!
You hear a horrible gurgling sound!
You hear a shout!
You hear a bellow!
The air elemental hits your lightning spire.
The sixfirhy closely misses you.
The air elemental hits your lightning spire.
Your lightning spire is destroyed!
Your lightning spire disappears in a puff of smoke!
The sixfirhy barely misses you.
You feel much better.
The sixfirhy hits you but does no damage.
The sixfirhy hits you! The sixfirhy shocks you. You resist.
You block the sixfirhy's attack. The sixfirhy hits you!
The sixfirhy shocks you. You resist.
* * * LOW HITPOINT WARNING * * *
The air elemental hits you!
* * * LOW HITPOINT WARNING * * *
As you read the scroll of fear, it crumbles to dust.
You assume a fearsome visage.
The air elemental is unaffected.
The sixfirhy resists with some effort.
The sixfirhy hits you.
* * * LOW HITPOINT WARNING * * *
The sixfirhy shocks you. You resist.
* * * LOW HITPOINT WARNING * * *
The sixfirhy hits you.
* * * LOW HITPOINT WARNING * * *
The sixfirhy shocks you. You resist.
You die...

#. . ..... .
...+.8.....# # +.....
# ## #∩#......# #..
.# #...# ### ..
..##..#...#...## .
#.....#.....#...##..
....#................
... #...###.3@.# .##
... ........E..# .# .
#.##..#..... ... .#
##.#.#.#... #. ..
.#......_## ...
#..###....# .# ..
...## #.. .##


You could see a sixfirhy and an air elemental.

Vanquished Creatures
  A vampire (D:9)
  5 yaks
  A steam dragon (D:6)
  A wyvern (D:10)
  Menkaure (D:4)
  3 water moccasins (D:10)
  An orc warrior (D:8)
  An ice beast (D:5)
  A sky beast (D:7)
  A centaur (D:9)
  A phantom (D:7)
  4 water moccasin zombies (Ossuary)
  A wight (D:7)
  A howler monkey (D:10)
  A jelly (D:8)
  3 hounds
  An iguana (D:4)
  4 orc wizards
  3 gnolls
  An adder (D:6)
  An adder zombie (Ossuary)
  2 dart slugs
  14 orcs
  4 bats
  An endoplasm (D:1)
  2 giant cockroaches
  A gnoll zombie (Ossuary)
  A goblin (D:2)
  3 ball pythons
  A frilled lizard (D:3)
  2 hobgoblin zombies (Ossuary)
  3 kobolds
  A kobold zombie (Ossuary)
  An orc zombie (Ossuary)
  3 rats
76 creatures vanquished.

Vanquished Creatures (collateral kills)
  A shadow (D:9)
  3 yaks (D:9)
  A wraith (D:9)
  2 steam dragons (D:8)
  An acid dragon (D:10)
  A water moccasin (D:10)
  An orc warrior (D:6)
  A sky beast (D:6)
  A centaur (D:8)
  Blork the orc (D:5)
  A kobold brigand (D:6)
  2 bullfrogs (D:8)
  3 necrophages
  A gnoll sergeant (D:8)
  5 scorpions
  3 water moccasin zombies (Ossuary)
  2 wights (D:7)
  A killer bee (D:10)
  2 howler monkeys
  A jelly (D:6)
  8 orc priests
  4 iguanas
  10 orc wizards
  7 gnolls
  4 adders
  2 shadow imps
  A white imp (D:7)
  An ufetubus (D:4)
  4 adder zombies (Ossuary)
  3 dart slugs
  36 orcs
  4 endoplasms
  2 giant cockroaches (D:1)
  4 hobgoblins
  10 kobolds
  2 quokkas
  3 ball pythons
  3 bats
  4 frilled lizards
  3 gnoll zombies (Ossuary)
  10 goblins
  A hobgoblin zombie (Ossuary)
  A kobold zombie (Ossuary)
  5 orc zombies (Ossuary)
  A quokka zombie (D:4)
  5 rats
  A rat zombie (D:4)
173 creatures vanquished.

Vanquished Creatures (others)
  Erica (D:8)
  A komodo dragon (D:10)
  A wyvern (D:10)
  A basilisk (D:10)
  An ogre (D:5)
  4 killer bees (D:10)
  A jelly (D:6)
  2 orc wizards (D:8)
  An iguana (D:6)
  2 mummies (Ossuary)
  An adder (D:5)
  3 orcs
  2 bushes (D:10)
  5 fungi (D:10)
  19 plants (D:10)
45 creatures vanquished.

Grand Total: 294 creatures vanquished

Notes
Turn   | Place    | Note
-------+----------+-------------------------------------------
     0 | D:1      | Lekart the Draconian Summoner began the quest for the Orb.
     0 | D:1      | Reached XP level 1. HP: 14/14 MP: 3/3
   389 | D:1      | Found a faded altar of an unknown god.
   623 | D:1      | Reached XP level 2. HP: 20/20 MP: 1/5
   626 | D:1      | Learned a level 2 spell: Call Imp
  1342 | D:2      | Reached XP level 3. HP: 27/27 MP: 2/6
  1421 | D:2      | Reached skill level 1 in Fighting
  1481 | D:2      | Upgraded the game from 0.29-a0-521-g59ce8b2d47 to
                  | 0.29-a0-550-g81e455f4c2
  1647 | D:2      | Learned a level 3 spell: Call Canine Familiar
  2223 | D:3      | Reached XP level 4. HP: 35/35 MP: 4/8
  2258 | D:3      | Found Laubex's Distillery.
  2279 | D:3      | Bought a potion of might for 40 gold pieces
  2279 | D:3      | Bought a potion of flight for 30 gold pieces
  2279 | D:3      | Bought a potion of brilliance for 40 gold pieces
  2731 | D:3      | Reached skill level 1 in Unarmed Combat
  2742 | D:3      | Reached XP level 5. HP: 41/41 MP: 0/9
  3071 | D:4      | Reached skill level 5 in Summonings
  3183 | D:4      | Found Ifro's Magic Scroll Shop.
  3195 | D:4      | Learned a level 3 spell: Summon Guardian Golem
  3281 | D:4      | Reached XP level 6. HP: 24/50 MP: 6/11
  3318 | D:4      | Found a blossoming altar of Fedhas.
  3452 | D:4      | Found a shadowy altar of Dithmenos.
  3456 | D:4      | Noticed Menkaure
  3536 | D:4      | Found a sand-covered staircase.
  3545 | Ossuary  | Entered an ossuary
  3660 | Ossuary  | Your scales start taking on a glossy black colour.
  3660 | Ossuary  | Reached XP level 7. HP: 41/57 MP: 8/13
  3660 | Ossuary  | Gained mutation: You are resistant to electric shocks.
                  | (rElec) [Black Draconian growth]
  3825 | Ossuary  | Reached skill level 6 in Summonings
  3832 | Ossuary  | Reached skill level 1 in Shields
  4615 | D:4      | Found an opulent altar of Gozag.
  4685 | D:4      | Identified the +2 dagger "Beetleslayer" {flame, Int+4
                  | Dex+3}
  4823 | D:4      | Found Alughitz's Armour Emporium.
  4829 | D:4      | Killed Menkaure
  4830 | D:4      | Reached XP level 8. HP: 30/66 MP: 10/15
  5022 | D:4      | Found a sacrificial altar of Ru.
  5023 | D:4      | Found an ornate altar of the Wu Jian Council.
  5024 | D:4      | Found a radiant altar of Vehumet.
  5026 | D:4      | Found a basalt altar of Yredelemnul.
  5042 | D:4      | Found an ancient bone altar of Kikubaaqudgha.
  5138 | D:5      | Entered Level 5 of the Dungeon
  5356 | D:5      | Reached skill level 1 in Hexes
  5363 | D:5      | Reached skill level 7 in Summonings
  5420 | D:5      | Noticed Blork the orc
  5430 | D:5      | Killed Blork the orc
  5431 | D:5      | Reached skill level 5 in Spellcasting
  5719 | D:5      | Learned a level 4 spell: Summon Lightning Spire
  5959 | D:5      | Reached skill level 1 in Short Blades
  5963 | D:5      | Reached skill level 5 in Fighting
  6475 | D:6      | Reached XP level 9. HP: 74/74 MP: 12/17
  6662 | D:6      | Reached skill level 1 in Air Magic
  7376 | D:7      | Found a staircase to the Ecumenical Temple.
  7436 | D:7      | Reached skill level 8 in Summonings
  7442 | Temple   | Entered the Ecumenical Temple
  8851 | D:8      | You fall into a shaft and drop 1 floor!
  8874 | D:10     | Entered Level 10 of the Dungeon
  8926 | D:8      | Found a runed translucent door.
  9100 | D:8      | Noticed Erica
  9276 | D:8      | Found Mihacuil's Weapon Boutique.
  9542 | D:8      | Found a sparkling altar of Nemelex Xobeh.
  9694 | D:8      | Killed Erica
  9695 | D:8      | Reached XP level 10. HP: 30/84 MP: 4/21
  9864 | D:8      | HP: 2/84 [orc priest/divine providence (16)]
 10201 | D:9      | Learned a level 4 spell: Sticky Flame
 10319 | D:9      | Reached skill level 9 in Summonings
 11455 | D:9      | Reached skill level 1 in Conjurations
 11930 | D:10     | Identified the +7 rapier of Blind Justice {drain, *Slow rN+
                  | rCorr}
 12040 | D:10     | Reached skill level 1 in Fire Magic
 12531 | D:10     | Found a staircase to the Lair.
 12966 | D:10     | Gained mutation: You have a pair of small horns on your
                  | head. [potion of mutation]
 12966 | D:10     | Gained mutation: Your magical capacity is low. (-10% MP)
                  | [potion of mutation]
 12992 | D:11     | Noticed a wizard
 12993 | D:11     | Cast into level 2 of the Abyss (a wizard)
 13003 | Abyss:3  | Found a burning altar of Makhleb.
 13005 | Abyss:3  | Noticed a sixfirhy
 13006 | Abyss:3  | Paralysed by an air elemental for 1 turns
 13010 | Abyss:3  | Paralysed by an air elemental for 1 turns
 13014 | Abyss:3  | Paralysed by an air elemental for 1 turns
 13018 | Abyss:3  | HP: 2/86 [sixfirhy (4)]
 13018 | Abyss:3  | Slain by a sixfirhy

Illustrated notes

Levels and vault maps discovered:
D:1:      nicolae_arrival_memento_mori, layout_loops_cross,
          hellmonk_ecumenical_altar_lost_god, minmay_tripent
D:2:      layout_rooms
D:3:      layout_loops_ring, serial_shops, shop, minmay_statues_item,
          corexii_leaking_fountain, guppyfry_early_orc_mine
D:4:      layout_rooms, lemuel_tele_altar, mainiacjoe_overflow_catwalk,
          minitemple, enter_ossuary_4, serial_shops, nicolae_shop_hallway_plus,
          nicolae_shop_waterfront, uniq_menkaure
D:5:      layout_rooms, uniq_blork_the_orc
D:6:      layout_cave_pools, serial_park_tiny_pond
D:7:      layout_loops_ring, minmay_temple_entry_overgrown
D:8:      layout_basic, nemelex_spade_bored_becter, serial_shops,
          nicolae_shop_bloodbath_and_beyond, lightli_church_of_beogh, uniq_erica
D:9:      layout_basic
D:10:     layout_basic, minmay_lair_entry_grove
D:11:     layout_small_grid, hiddenorc2_lemuel, uniq_sonja
Temple:   dshaligram_water_room_temple
Abyss:3:  base: D:10, hangedman_abyss_rune_flesh_and_stone

Skill      XL: |  1  2  3  4  5  6  7  8  9 10 |
---------------+-------------------------------+-----
Fighting       | 1 2 3 5 6 7 |  7.4
Dodging        | 2 3 4 |  4.4
Unarmed Combat | 1 2 3 |  3.0
Spellcasting   | 3 4 5 7 8 |  8.4
Summonings     | 5 6 7 8 9 |  9.7
Shields        | 1 2 |  2.7
Hexes          | 1 2 |  2.0
Short Blades   | 1 2 3 |  3.5
Air Magic      | 3 |  3.9
Conjurations   | 2 |  2.0
Fire Magic     | 1 |  1.3
Stealth        | |  1.8

Action                   |  1- 3 |  4- 6 |  7- 9 | 10-12 || total
-------------------------+-------+-------+-------+-------++-------
Melee: Unarmed           |    83 |    69 |    80 |       ||   232
       Tailslap          |     4 |    15 |    35 |    11 ||    65
       Punch             |     1 |     1 |    10 |     3 ||    15
       Dagger            |       |       |   133 |    67 ||   200
       Headbutt          |       |       |       |     2 ||     2
 Cast: Summon Small Mamm |    42 |       |       |       ||    42
       Call Imp          |     7 |    19 |    19 |    10 ||    55
       Call Canine Famil |     7 |    17 |    32 |    14 ||    70
       Summon Guardian G |       |     4 |    14 |     6 ||    24
       Summon Lightning  |       |       |    34 |    11 ||    45
       Sticky Flame      |       |       |       |    14 ||    14
 Abil: Breathe Lightning |       |       |     2 |     3 ||     5
Evoke: Tin of tremorston |       |       |       |     2 ||     2
  Use: Scroll            |     4 |     3 |     6 |     3 ||    16
       Potion            |     2 |     1 |       |     5 ||     8
 Stab: Distracted        |     1 |       |     4 |     1 ||     6
       Sleeping          |       |       |     2 |       ||     2
Armor: Skin              |    43 |    22 |    66 |    22 ||   153
Dodge: Dodged            |    97 |    46 |   133 |    57 ||   333
Block: Other             |       |    26 |    59 |    23 ||   108
       Reflection        |       |     4 |       |     3 ||     7

Table legend: (Time is in decaauts)
 A = Elapsed time spent in this place.
 B = Non-inter-level travel time spent in this place.
 C = Inter-level travel time spent in this place.
 D = Time resting spent in this place.
 E = Time spent auto-exploring this place.
 F = Levels seen in this place.
 G = Mean time per level.
                   A        B        C        D        E       F      G
               +--------+--------+--------+--------+--------+-----+--------+
         Total |  13003 |  12664 |    339 |   3042 |   6419 |  15 |  866.9 |
       Dungeon |  12117 |  11799 |    318 |   2683 |   6233 |  11 | 1101.5 |
        Temple |    216 |    195 |     21 |      0 |    186 |   1 |  216.0 |
         Abyss |     23 |     23 |      0 |      0 |      0 |   2 |   11.5 |
       Ossuary |    645 |    645 |      0 |    359 |      0 |   1 |  645.0 |
               +--------+--------+--------+--------+--------+-----+--------+

Top non-repeatable levels by time:
     D:9: 1786 daAuts
     D:8: 1509 daAuts
     D:4: 1372 daAuts
     D:1: 1331 daAuts
     D:7: 1250 daAuts
     D:3: 1197 daAuts
     D:5: 1087 daAuts
    D:10: 1057 daAuts
     D:6: 924 daAuts
 Ossuary: 645 daAuts
     D:2: 586 daAuts
  Temple: 216 daAuts
 Abyss:3: 21 daAuts
    D:11: 13 daAuts
 Abyss:2: 2 daAuts
